 Seeded DCSS version 0.28-a0-706-gf6f64a616a (webtiles) character file.

Game seed: 20211025 (custom seed)

22 abrahamlauer the Insei (level 2, -2/18 HPs)
             Began as an Octopode Transmuter on Oct 25, 2021.
             Succumbed to a kobold's poison
             ... on level 2 of the Dungeon.
             The game lasted 00:04:16 (1013 turns).

abrahamlauer the Insei (Octopode Transmuter)        Turns: 1013, Time: 00:04:17

Health: -2/18      AC:  1    Str:  9    XL:     2   Next: 91%
Magic:  4/5        EV: 13    Int: 15    God:
Gold:   36         SH:  0    Dex: 12    Spells: 4/5 levels left

rFire   . . .      SeeInvis .     - Unarmed
rCold   + . .      Faith    .   (no shield)
rNeg    . . .      Spirit   .   (helmet currently unavailable)
rPois   .          Reflect  .   (no amulet)
rElec   .          Harm     .   d - ring of protection from cold
rCorr   .          Rampage  .   (no ring)
Will    .....                   (no ring)
Stlth   ++........              (no ring)
HPRegen 0.06/turn               (no ring)
MPRegen 0.09/turn               (no ring)
                                (no ring)
                                (no ring)

@: lethally poisoned (-2 -> -17), appendages
A: tentacle spike 3, almost no armour, amphibious, 8 rings, camouflage 1,
gelatinous body 1, (nimble swimmer 1), tentacles
a: End Transformation


You were on level 2 of the Dungeon.
One of your tentacles had grown a beastly spike.
You visited 1 branch of the dungeon, and saw 2 of its levels.

You collected 36 gold pieces.

Inventory:

Missiles
 f - 31 stones
 k - 19 arrows
Jewellery
 d - a ring of protection from cold (left tentacle)
Scrolls
 b - a scroll of immolation {unknown}
 e - a scroll of fog {unknown}
Potions
 a - a potion of haste {unknown}
 c - a potion of might {unknown}
 g - a potion of attraction {unknown}
 h - a potion of brilliance {unknown}
 i - a potion of berserk rage {unknown}
 j - a potion of flight {unknown}


   Skills:
 + Level 1.1 Fighting
 + Level 2.1 Dodging
 + Level 3.6 Unarmed Combat
 + Level 2.2 Spellcasting
 + Level 2.1 Transmutations


You had 4 spell levels left.
You knew the following spells:

 Your Spells              Type           Power      Damage    Failure   Level
a - Beastly Appendage     Tmut           16%        N/A       9%          1

Your spell library contained the following spells:

 Spells                   Type           Power      Damage    Failure   Level
 Wereblood                Tmut           8%         N/A       14%         2
 Spider Form              Tmut/Pois      2%         N/A       38%         3
 Ice Form                 Ice/Tmut       4%         N/A       80%         4


Dungeon Overview and Level Annotations

Branches:
Dungeon (2/15)

Altars:

Shops:
D:1 =?([


Innate Abilities, Weirdness & Mutations

One of your tentacles has grown a beastly spike.
You cannot wear most types of armour.
You are amphibious.
You can wear up to eight rings at the same time.
Your skin changes colour to match your surroundings (Stealth+).
Your rubbery body absorbs attacks. (AC +1, EV +1)
((You are camouflaged near water. (Stealth+)))
You have tentacles for arms and can constrict up to eight enemies at once.


Message History

You grab the demonic plant.
The demonic plant is lightly damaged.
You constrict the demonic plant, but do no damage.
You tentacle-slap the demonic plant.
The demonic plant is lightly damaged.
You constrict the demonic plant. You tentacle-slap the demonic plant.
You squeeze the demonic plant, but do no damage.
The demonic plant is lightly damaged.
You constrict the demonic plant.
You tentacle-slap the demonic plant but do no damage.
The demonic plant is lightly damaged.
You constrict the demonic plant.
A nearby demonic plant withers and dies.
You lose your grip on the demonic plant.
A kobold comes into view.
It is wielding a +1 short sword of venom.
The kobold hits something with a +1 short sword of venom.
The kobold hits the fungus with a +1 short sword of venom.
The fungus is poisoned.
There is a faded altar of an unknown god here.
Casting: Beastly Appendage (safe; 9% risk of failure)
Confirm with . or Enter, or press ? or * to list all spells.
One of your tentacles grows a vicious spike.
The kobold shouts!
A nearby fungus withers and dies.
You closely miss the kobold. Your grab misses the kobold.
A goblin comes into view. It is wielding a +0 dagger.
The kobold hits you with a +1 short sword of venom.
You are poisoned.
You barely miss the kobold.
The goblin shouts!
Your grab misses the kobold.
You feel sick.
The kobold hits you with a +1 short sword of venom.
* * * LOW HITPOINT WARNING * * *
You are more poisoned.
You tentacle-slap the kobold. You grab the kobold.
You pierce the kobold.
You kill the kobold!
* * * LOW HITPOINT WARNING * * *
You feel very sick.
You die...

#.P..P..#.#.# #
###.....P.#..<#.#
#.#......P#.....#
#.........#)...#
#...P...PP#..#.#
#..P....P.#..#.#
#P.P..PP..#..+..
#####_#####..# #.
#....P@...#..# .#
#....P....#... #
#P....)...####
#...PP..P.#
..#.......#..
...#.P..P..#....
.. #.P.....# g.#
.##.P.##. .. ..
#..P# ##


You could see a goblin.

Vanquished Creatures
  4 ball pythons (D:1)
  2 endoplasms (D:1)
  A giant cockroach (D:1)
  4 goblins (D:1)
  2 hobgoblins (D:1)
  2 kobolds (D:2)
  A quokka (D:2)
  2 bats (D:1)
  A rat (D:1)
19 creatures vanquished.

Vanquished Creatures (others)
  A demonic plant (D:2)
  2 fungi (D:2)
  2 plants (D:2)
5 creatures vanquished.

Grand Total: 24 creatures vanquished

Notes
Turn   | Place    | Note
-------+----------+-------------------------------------------
     0 | D:1      | abrahamlauer the Octopode Transmuter began the quest for
                  | the Orb.
     0 | D:1      | Reached XP level 1. HP: 13/13 MP: 3/3
   201 | D:1      | Reached XP level 2. HP: 16/18 MP: 3/5
   408 | D:1      | Found Paowkaj's Jewellery Emporium.
   550 | D:1      | Found Fotta's Weapon Boutique.
   693 | D:1      | Found Qumot's Magic Scroll Emporium.
   808 | D:1      | Found Wiywomu's Antique Armour Shoppe.
   977 | D:2      | Found a faded altar of an unknown god.
  1013 | D:2      | Succumbed to a kobold's poison

Illustrated notes

Levels and vault maps discovered:
D:1:      wander_arrival_peaceful_grave, layout_basic, serial_shops,
          nicolae_lakefront_shop, nicolae_shop_waterfront, shop,
          nicolae_square_shop
D:2:      layout_basic, shapermc_ecumenical_altar_gd

Action                   || total
-------------------------++-------
Melee: Unarmed           ||    39
       Kick              ||     8
       Constrict         ||    12
       Tentacles         ||     3
       Punch             ||     1
 Cast: Beastly Appendage ||    11
 Stab: Sleeping          ||     3
Armor: Skin              ||     2
Dodge: Dodged            ||    13

Table legend: (Time is in decaauts)
 A = Elapsed time spent in this place.
 B = Non-inter-level travel time spent in this place.
 C = Inter-level travel time spent in this place.
 D = Time resting spent in this place.
 E = Time spent auto-exploring this place.
 F = Levels seen in this place.
 G = Mean time per level.
                   A        B        C        D        E       F      G
               +--------+--------+--------+--------+--------+-----+--------+
         Total |   1009 |   1009 |      0 |    108 |    690 |   2 |  504.5 |
       Dungeon |   1009 |   1009 |      0 |    108 |    690 |   2 |  504.5 |
               +--------+--------+--------+--------+--------+-----+--------+

Top non-repeatable levels by time:
     D:1: 974 daAuts
     D:2: 34 daAuts
